 Seeded DCSS version 0.30-a0-377-g5cb311bc9f (webtiles) character file.

Game seed: 20221135 (custom seed)

15 McGhostyFace the Covert (level 2, 0/29 HPs)
             Began as a Gnoll Wanderer on Nov 30, 2022.
             Killed from afar by a dart slug (5 damage)
             ... with a slug dart
             ... on level 1 of the Dungeon.
             The game lasted 00:00:53 (467 turns).

McGhostyFace the Covert (Gnoll Wanderer)             Turns: 467, Time: 00:00:54

Health: 0/29       AC:  2    Str: 11    XL:     2   Next: 50%
Magic:  5/5        EV: 11    Int: 13    God:
Gold:   43         SH:  0    Dex:  9    Spells: 5/6 levels left

rFire   . . .      SeeInvis .    a - +2 dagger
rCold   . . .      Faith    .    (no shield)
rNeg    . . .      Spirit   .    e - +0 robe
rPois   .          Reflect  .    (no helmet)
rElec   .          Harm     .    (no cloak)
rCorr   .          Rampage  .    (no gloves)
Will    .....                    (no boots)
Stlth   ++++......               (no amulet)
HPRegen 0.24/turn                (no ring)
MPRegen 0.09/turn                (no ring)

@: no status effects
A: fangs 1, strong nose, distributed training
a: no special abilities


You were on level 1 of the Dungeon.
You visited 1 branch of the dungeon, and saw 1 of its levels.

You collected 43 gold pieces.

Inventory:

Hand Weapons
 a - a +2 dagger (weapon)
Missiles
 i - 3 poisoned darts
 k - 5 javelins
Armour
 e - a +0 robe (worn)
Scrolls
 c - 2 scrolls of teleportation
 d - a scroll of fear
 f - 2 scrolls of vulnerability {unknown}
Potions
 b - a potion of haste
 g - a potion of curing {unknown}
 h - a potion of magic {unknown}
 j - a potion of berserk rage {unknown}


   Skills:
 + Level 6.5 Fighting
 + Level 0.5 Short Blades
 + Level 0.5 Long Blades
 + Level 0.5 Axes
 + Level 0.5 Maces & Flails
 + Level 0.5 Polearms
 + Level 0.5 Staves
 + Level 0.5 Ranged Weapons
 + Level 0.5 Throwing
 + Level 0.5 Armour
 + Level 0.5 Dodging
 + Level 9.5 Stealth
 + Level 0.5 Shields
 + Level 0.5 Unarmed Combat
 + Level 2.7 Spellcasting
 + Level 0.3 Conjurations
 + Level 0.3 Hexes
 + Level 0.3 Summonings
 + Level 0.3 Necromancy
 + Level 0.3 Translocations
 + Level 0.3 Transmutations
 + Level 0.3 Fire Magic
 + Level 2.0 Ice Magic
 + Level 0.3 Air Magic
 + Level 0.3 Earth Magic
 + Level 0.3 Poison Magic
 + Level 0.6 Invocations
 + Level 0.5 Evocations


You had 5 spell levels left.
You knew the following spells:

 Your Spells              Type           Power      Damage    Failure   Level
a - Freeze                Ice            28%        1d5       10%         1

Your spell library contained the following spells:

 Spells                   Type           Power      Damage    Failure   Level
 Scorch                   Fire           4%         2d5       30%         2
 Frozen Ramparts          Ice            14%        1d3       30%         3
 Call Canine Familiar     Summ           2%         N/A       52%         3
 Portal Projectile        Hex/Tloc       4%         N/A       52%         3
 Flame Wave               Conj/Fire      2%         2d4       90%         4
 Leda's Liquefaction      Hex/Erth       1%         N/A       90%         4
 Summon Cactus Giant      Summ           1%         N/A       100%        6


Dungeon Overview and Level Annotations

Branches:
Dungeon (1/15)

Altars:


Innate Abilities, Weirdness & Mutations

You have very sharp teeth.
Your uncanny sense of smell can sniff out nearby items.
Your experience applies equally to all skills.


Message History

You closely miss the quokka.
The quokka is moderately wounded.
The quokka bites you.
You hit the quokka. You bite the quokka, but do no damage.
The quokka is severely wounded.
The quokka bites you.
* * * LOW HITPOINT WARNING * * *
The quokka closely misses you.
You barely miss the quokka.
The quokka is severely wounded.
The quokka closely misses you.
You barely miss the quokka.
The quokka is severely wounded.
The quokka closely misses you.
You hit the quokka.
You kill the quokka!
The dart slug briefly extends its eye-stalks.
The dart slug barely misses you.
You see here a quokka corpse.
You are too injured to fight recklessly!
You are too injured to fight recklessly!
You are too injured to fight recklessly!
You completely miss the dart slug. You bite the dart slug.
The dart slug is lightly wounded.
You hit the dart slug.
The dart slug is moderately wounded.
The dart slug launches a dart at you. The slug dart misses you.
You completely miss the dart slug.
The dart slug is moderately wounded.
The dart slug launches a dart at you. The slug dart hits you.
* * * LOW HITPOINT WARNING * * *
You hit the dart slug.
The dart slug is heavily wounded.
You hit the dart slug.
The dart slug is severely wounded.
The dart slug launches a dart at you. The slug dart hits you.
You die...

####...####........
#..## ##.......
#.## ##.....# #†#
#...[.. #.# #.#+###
###.# #>#.# #
##.#.# ####.#.###
#.#..# .........#
#@### #.....#
#...w...... #.)...#
#.#.#...... #......
#.#.#...... ###.###
# #.. ..... #.# ###
..... #.# .... #.#
.... #.# #.#


You could see a dart slug.

Vanquished Creatures
  A dart slug (D:1)
  2 ball pythons (D:1)
  An endoplasm (D:1)
  A goblin (D:1)
  2 hobgoblins (D:1)
  A kobold (D:1)
  A quokka (D:1)
  2 frilled lizards (D:1)
11 creatures vanquished.

Notes
Turn   | Place    | Note
-------+----------+-------------------------------------------
     0 | D:1      | Reached skill level 9 in Stealth
     0 | D:1      | McGhostyFace the Gnoll Wanderer began the quest for the
                  | Orb.
     0 | D:1      | McGhostyFace set off with the following items: a +2 dagger,
                  | a potion of haste, a scroll of teleportation, a scroll of
                  | fear, a +0 robe; and the following spell memorised: Freeze;
                  | and the following spells available to memorise: Frozen
                  | Ramparts.
     0 | D:1      | Reached XP level 1. HP: 23/23 MP: 4/4
   218 | D:1      | Reached XP level 2. HP: 27/29 MP: 5/5
   467 | D:1      | Killed from afar by a dart slug

Illustrated notes

Levels and vault maps discovered:
D:1:      dpeg_arrival_arbitrary_c, layout_loops_corners

Skill      XL: |  1 |
---------------+----+-----
Stealth        | |  9.5
Ice Magic      | 2 |  2.0
Fighting       | |  6.5
Short Blades   | |  0.5
Long Blades    | |  0.5
Axes           | |  0.5
Maces & Flails | |  0.5
Polearms       | |  0.5
Staves         | |  0.5
Ranged Weapons | |  0.5
Throwing       | |  0.5
Armour         | |  0.5
Dodging        | |  0.5
Shields        | |  0.5
Unarmed Combat | |  0.5
Spellcasting   | |  2.7
Conjurations   | |  0.3
Hexes          | |  0.3
Summonings     | |  0.3
Necromancy     | |  0.3
Translocations | |  0.3
Transmutations | |  0.3
Fire Magic     | |  0.3
Air Magic      | |  0.3
Earth Magic    | |  0.3
Poison Magic   | |  0.3
Invocations    | |  0.6
Evocations     | |  0.5

Action                   || total
-------------------------++-------
Melee: Dagger            ||    44
       Bite              ||     5
 Stab: Sleeping          ||     6
Armor: Robe              ||     3
Dodge: Dodged            ||    24

Table legend: (Time is in decaauts)
 A = Elapsed time spent in this place.
 B = Non-inter-level travel time spent in this place.
 C = Inter-level travel time spent in this place.
 D = Time resting spent in this place.
 E = Time spent auto-exploring this place.
 F = Levels seen in this place.
 G = Mean time per level.
                   A        B        C        D        E       F      G
               +--------+--------+--------+--------+--------+-----+--------+
         Total |    466 |    450 |     16 |      0 |    337 |   1 |  466.0 |
       Dungeon |    466 |    450 |     16 |      0 |    337 |   1 |  466.0 |
               +--------+--------+--------+--------+--------+-----+--------+

Top non-repeatable levels by time:
     D:1: 466 daAuts
